 Dungeon Crawl Stone Soup version 0.20.0-4-g10b340a (webtiles) character file.

904 Monsterracer the Reanimator (level 7, -2/41 HPs)
             Began as a Demonspawn Necromancer on May 27, 2017.
             Slain by Duvessa
             ... wielding a +0 short sword
              (12 damage)
             ... on level 4 of the Dungeon.
             The game lasted 00:15:21 (4343 turns).

Monsterracer the Reanimator (DsNe)                  Turns: 4343, Time: 00:15:21

Health: -2/41      AC:  5    Str:  9    XL:     7   Next: 80%
Magic:  4/11       EV: 12    Int: 18    God:
Gold:   164        SH:  0    Dex: 13    Spells: 0/12 levels left

rFire    + . .     SeeInvis .   r - +4 flail (drain)
rCold    + + .     Gourm    .   (no shield)
rNeg     + + .     Faith    .   a - +0 robe
rPois    .         Spirit   .   (helmet restricted)
rElec    .         Reflect  .   (no cloak)
rCorr    .         Harm     .   d - +0 pair of gloves
MR       +++..     Clarity  +   (no boots)
Stlth    ++........             u - amulet of the Four Winds {rN+ MR+++ Clar}
Regen    0.2/turn               m - ring of positive energy
MPRegen  0.2/turn               (no ring)

@: no status effects
A: horns 1, slimy green scales 1, clarity, cold resistance 2, fire resistance 1,
frail 1, spiny 2, subdued magic 1
a: no special abilities


You were on level 4 of the Dungeon.
You were hungry.

You visited 1 branch of the dungeon, and saw 4 of its levels.

You collected 164 gold pieces.

Inventory:

Hand Weapons
 r - a +4 flail of draining (weapon)
Armour
 a - a +0 robe (worn)
 d - a +0 pair of gloves (worn)
 n - a +0 helmet (quivered)
Jewellery
 m - a ring of positive energy (left hand)
 u - the amulet of the Four Winds (around neck) {rN+ MR+++ Clar}
   (You found it on level 4 of the Dungeon)

   [amulet of nothing]

   It protects you from negative energy.
   It affects your resistance to hostile enchantments.
   It protects you against confusion.
Wands
 p - a wand of acid (2/15)
Scrolls
 e - 2 scrolls of identify
 f - 2 scrolls of amnesia {unknown}
 g - 2 scrolls of magic mapping {unknown}
 h - a scroll of random uselessness {unknown}
 i - 2 scrolls of enchant armour {unknown}
 j - 2 scrolls of remove curse {unknown}
 l - 2 scrolls of teleportation {unknown}
 q - a scroll of fear {unknown}
 s - a scroll of recharging {unknown}
Potions
 o - a potion of agility
 w - a potion of flight
Books
 b - a book of Necromancy

   Spells                             Type                      Level
   a - Pain                           Necromancy                   1
   b - Animate Skeleton               Necromancy                   1
   c - Vampiric Draining              Necromancy                   3
   d - Regeneration                   Charms/Necromancy            3
   e - Animate Dead                   Necromancy                   4
   f - Control Undead                 Necromancy                   4
Comestibles
 c - 3 bread rations
 k - a meat ration
 t - 4 fruits


   Skills:
 * Level 5.3 Maces & Flails
 - Level 1.7 Dodging
 - Level 1.7 Stealth
 - Level 3.0 Spellcasting
 + Level 8.0 Necromancy


You couldn't memorise any spells.
You knew the following spells:

 Your Spells              Type           Power        Failure   Level  Hunger
a - Pain                  Necr           ###.         1%          1    None
b - Animate Skeleton      Necr           N/A          1%          1    None
c - Vampiric Draining     Necr           ###.......   1%          3    ###....
d - Regeneration          Chrm/Necr      ##........   8%          3    ###....
e - Animate Dead          Necr           N/A          4%          4    ####...


Dungeon Overview and Level Annotations

Branches:
Dungeon (4/15)
 Temple: D:4-7

Altars:
Dithmenos
Hepliaklqana
Makhleb
Nemelex Xobeh
Qazlal

Annotations:
D:4 Duvessa


Innate Abilities, Weirdness & Mutations

You are partially covered in slimy green scales. (AC +2)
Your flesh is very cold resistant. (rC++)
You are mostly covered in sharp spines.
You have a pair of small horns on your head.
You possess an exceptional clarity of mind.
Your flesh is heat resistant. (rF+)
You are frail. (-10% HP)
Your spells are a little easier to cast, but a little less powerful.


Message History

The gnoll shaman hits the freed slave with a whip.
Casting: Vampiric Draining
Confirm with . or Enter, or press ? or * to list all spells.
Aiming: Vampiric Draining
Press: ? - help, Shift-Dir - straight line, f/p - Duvessa
Aim: Duvessa, wielding a short sword and wearing a leather armour (moderately wounded, berserk, fast, unusually strong) Duvessa is heavily wounded.
You feel life coursing into your body.
You are feeling hungry.
Duvessa hits you but does no damage.
The freed slave hits the gnoll shaman but does no damage.
The freed slave hits the gnoll shaman.
The gnoll shaman misses the freed slave.
Duvessa hits you with a short sword.
* * * LOW HITPOINT WARNING * * *
Unknown command.
You swap places.
You see here a club.
Duvessa hits you with a short sword!
You die...

# #. ..############
...#pe@#...#
.#####.#)#.#.#.####
..
....gp.).#...#....#
#. ...
#...p#)..#.######.#
.. #.# #.# ###.#.#
##.####.##.# ..#.#
#....# ..#.# ###.#
#....# #.#.# #.#
#....###.#.# #.#
#...........


You could see Duvessa (berserk) and a neutral freed slave (wandering).

Vanquished Creatures
  Pikel (D:3)
  Edmund (D:4)
  Dowan (D:4)
  Terence (D:2)
  Ijyb (D:3)
  Natasha (thrice) (D:2)
  Robin (D:1)
  8 gnolls
  5 adders
  2 worms (D:2)
  3 dart slugs
  3 leopard geckos
  4 giant cockroaches
  14 goblins (D:2)
  13 hobgoblins
  4 jackals (D:3)
  4 kobolds
  2 ball pythons
  5 bats (D:1)
  2 frilled lizards
  12 rats
90 creatures vanquished.

Vanquished Creatures (others)
  A gnoll shaman (D:4)
  2 gnolls
  An adder (D:4)
  An orc (D:4)
5 creatures vanquished.

Grand Total: 95 creatures vanquished

Notes
Turn   | Place    | Note
-------+----------+-------------------------------------------
     0 | D:1      | Monsterracer the Demonspawn Necromancer began the quest for the Orb.
     0 | D:1      | Reached XP level 1. HP: 13/13 MP: 3/3
   503 | D:1      | Gained mutation: You are partially covered in sharp spines. [demonic ancestry]
   503 | D:1      | Reached XP level 2. HP: 18/19 MP: 1/5
   583 | D:1      | Found a sparkling altar of Nemelex Xobeh.
   720 | D:1      | Learned a level 1 spell: Animate Skeleton
   890 | D:1      | Reached skill level 5 in Necromancy
  1065 | D:2      | Noticed Natasha
  1247 | D:1      | Gained mutation: You are mostly covered in sharp spines. [demonic ancestry]
  1247 | D:1      | Reached XP level 3. HP: 12/24 MP: 4/6
  1252 | D:1      | Learned a level 3 spell: Vampiric Draining
  1631 | D:2      | Reached skill level 1 in Maces & Flails
  1783 | D:2      | Killed Natasha
  1783 | D:2      | Gained mutation: Your flesh is cold resistant. (rC+) [demonic ancestry]
  1783 | D:2      | Reached XP level 4. HP: 21/30 MP: 0/8
  1784 | D:2      | Noticed Robin
  1825 | D:1      | Learned a level 3 spell: Regeneration
  1902 | D:1      | Killed Robin
  2006 | D:2      | Gained mutation: You are frail. (-10% HP) [potion of mutation]
  2006 | D:2      | Gained mutation: Your spells are a little easier to cast, but a little less powerful. [potion of mutation]
  2006 | D:2      | Gained mutation: Your muscles are strong. (Str +2) [potion of mutation]
  2006 | D:2      | Gained mutation: You are agile. (Dex +2) [potion of mutation]
  2011 | D:2      | Noticed Terence
  2017 | D:2      | Killed Terence
  2017 | D:2      | Gained mutation: You are partially covered in slimy green scales. (AC +2) [demonic ancestry]
  2017 | D:2      | Reached XP level 5. HP: 15/31 MP: 1/9
  2143 | D:2      | Noticed Natasha
  2148 | D:2      | Killed Natasha
  2148 | D:2      | Reached skill level 6 in Necromancy
  2157 | D:2      | Noticed Natasha
  2163 | D:2      | Killed Natasha
  2668 | D:2      | Found a stormy altar of Qazlal.
  3013 | D:3      | Found a shadowy altar of Dithmenos.
  3014 | D:3      | Found a burning altar of Makhleb.
  3017 | D:3      | Noticed Ijyb
  3021 | D:3      | HP: 1/31 [acid (14)]
  3023 | D:3      | Killed Ijyb
  3023 | D:3      | Reached XP level 6. HP: 1/36 MP: 3/10
  3360 | D:3      | Found a stormy altar of Qazlal.
  3684 | D:3      | Found a hazy altar of Hepliaklqana.
  3845 | D:3      | Lost mutation: Your muscles are strong. (Str +2) [potion of mutation]
  3845 | D:3      | Lost mutation: You are agile. (Dex +2) [potion of mutation]
  3845 | D:3      | Gained mutation: You possess an exceptional clarity of mind. [potion of mutation]
  3845 | D:3      | Gained mutation: Your flesh is very cold resistant. (rC++) [potion of mutation]
  3845 | D:3      | Gained mutation: You have a pair of small horns on your head. [potion of mutation]
  3845 | D:3      | Gained mutation: Your flesh is heat resistant. (rF+) [potion of mutation]
  3867 | D:4      | Noticed Edmund
  3876 | D:4      | Killed Edmund
  3876 | D:4      | Reached skill level 7 in Necromancy
  4097 | D:4      | Noticed Pikel
  4097 | D:4      | Noticed a slave
  4097 | D:4      | Noticed a slave
  4098 | D:4      | Noticed a slave
  4100 | D:4      | Noticed a slave
  4103 | D:4      | Noticed Dowan
  4114 | D:3      | Killed Pikel
  4114 | D:3      | Reached skill level 5 in Maces & Flails
  4114 | D:3      | Reached skill level 8 in Necromancy
  4114 | D:3      | Reached XP level 7. HP: 14/41 MP: 4/11
  4123 | D:3      | Learned a level 4 spell: Animate Dead
  4335 | D:4      | Noticed Duvessa
  4337 | D:4      | Killed Dowan
  4343 | D:4      | Slain by Duvessa

Skill      XL: |  1  2  3  4  5  6 |
---------------+-------------------+-----
Necromancy     | 5 6 8 |  8.0
Maces & Flails | 1 2 5 |  5.3
Spellcasting   | 3 |  3.0
Dodging        | |  1.7
Stealth        | |  1.7

Action                   |  1- 3 |  4- 6 |  7- 9 || total
-------------------------+-------+-------+-------++-------
Melee: Unarmed           |     6 |       |       ||     6
       Mace              |    32 |    45 |       ||    77
       Flail             |       |     6 |     6 ||    12
       Headbutt          |       |     2 |     2 ||     4
 Cast: Pain              |    30 |    62 |     2 ||    94
       Vampiric Draining |     1 |     3 |     2 ||     6
       Animate Skeleton  |       |     1 |       ||     1
       Regeneration      |       |     1 |       ||     1
  Use: Potion            |     3 |     4 |     1 ||     8
       Scroll            |       |     1 |       ||     1
 Stab: Sleeping          |     1 |     4 |       ||     5
  Eat: Meat ration       |     1 |       |       ||     1
       Chunk             |       |     6 |       ||     6
Armor: Robe              |    10 |    12 |     2 ||    24
Dodge: Dodged            |    35 |    33 |     6 ||    74
